[Event "European Women Rapid-ch 2023"]
[Site "Monaco"]
[Date "2024.01.14"]
[Round "7.5"]
[White "Garcia Martin, Marta"]
[Black "Khademalsharieh, Sarasadat"]
[Result "1-0"]
[ECO "C50"]
[WhiteElo "2342"]
[BlackElo "2486"]
[Annotator "RC"]
[PlyCount "91"]
[EventDate "2023.12.19"]
[EventType "swiss"]
[EventCountry "MNC"]
[SourceTitle "playchess.com"]
[Source "ChessBase"]
[SourceQuality "1"]
[TimeControl "900+10"]

1. e4 e5 2. Nf3 Nc6 3. Bc4 Bc5 4. d3 Nf6 5. Nc3 h6 6. h3 a6 7. Be3 Bxe3 8. fxe3 d6 9. d4 O-O 10. O-O Bd7 11. a4 Kh7 12. Qe1 Nb4 13. Bb3 Be6 14. d5 Bd7 15. a5 c5 16. Qe2 b5 17. axb6 Qxb6 18. Nh4 Qd8 19. Nf5 Bxf5 20. Rxf5 g6 21. Rf3 Kg7 22. Bc4 a5 23. Na4 Nxe4 24. c3 f5 25. cxb4 axb4 26. Bd3 Ng5 27. Rff1 e4 28. Bb5 Nf7 29. Bc6 Ra5 30. b3 Ne5 31. Nb2 Qc7 32. Nc4 Rxa1 33. Rxa1 Nxc6 34. dxc6 Qxc6 35. Qb2+ Kg8 36. Ra7 Rf7 37. Rxf7 Kxf7 38. Qh8 Qd5 39. Qxh6 Qd1+ 40. Kh2 d5 41. Ne5+ Kf6 42. Nxg6 c4 43. Nf4+ Kf7 44. Qg6+ Ke7 45. Qe6+ Kf8 46. Nxd5 1-0

[Event "European Women Rapid-ch 2023"]
[Site "Monaco"]
[Date "2024.01.14"]
[Round "7.6"]
[White "Rodriguez Redondo, Adhara"]
[Black "Wagner, Dinara"]
[Result "0-1"]
[ECO "B92"]
[WhiteElo "2130"]
[BlackElo "2459"]
[Annotator "RC"]
[PlyCount "68"]
[EventDate "2023.12.19"]
[EventType "swiss"]
[EventCountry "MNC"]
[SourceTitle "playchess.com"]
[Source "ChessBase"]
[SourceQuality "1"]
[TimeControl "900+10"]

1. e4 c5 2. Nf3 d6 3. d4 cxd4 4. Nxd4 Nf6 5. Nc3 a6 6. Be2 e5 7. Nf3 Be7 8. Bg5 Be6 9. Bxf6 Bxf6 10. O-O O-O 11. Nd5 Nd7 12. Re1 Rc8 13. c3 Bg5 14. Nxg5 Qxg5 15. Ne3 Nf6 16. Bf3 Rfd8 17. g3 Qg6 18. Qa4 Nd7 19. Rad1 Nc5 20. Qa3 Kh8 21. Nd5 Bxd5 22. Rxd5 f5 23. exf5 Qxf5 24. Bg2 Rf8 25. Rf1 Qf6 26. Qb4 Rf7 27. Qg4 Rcf8 28. Qd1 e4 29. Rxd6 Qe7 30. Qd5 Nd3 31. Re6 Qc7 32. Bxe4 Nxf2 33. Bg2 Rf5 34. Qd6 Qc4 0-1

[Event "European Women Rapid-ch 2023"]
[Site "Monaco"]
[Date "2024.01.14"]
[Round "7.7"]
[White "Hryshchenko, Kamila"]
[Black "Batsiashvili, Nino"]
[Result "0-1"]
[ECO "B01"]
[WhiteElo "2192"]
[BlackElo "2451"]
[Annotator "RC"]
[PlyCount "88"]
[EventDate "2023.12.19"]
[EventType "swiss"]
[EventCountry "MNC"]
[SourceTitle "playchess.com"]
[Source "ChessBase"]
[SourceQuality "1"]
[TimeControl "900+10"]

1. e4 d5 2. exd5 Qxd5 3. Nc3 Qa5 4. d4 Nf6 5. Nf3 Bf5 6. Bc4 e6 7. O-O c6 8. Re1 Be7 9. Bd2 Qc7 10. Ne2 Nbd7 11. Bf4 Qb6 12. Ng3 Bg6 13. Bb3 a5 14. a4 Nd5 15. Bg5 Bxg5 16. Nxg5 O-O-O 17. Qd2 N7f6 18. Nf3 Nb4 19. Re5 h5 20. h4 Ng4 21. Re2 Rd7 22. c3 Nd5 23. Bc4 Rhd8 24. Ne5 Nxe5 25. Rxe5 Qc7 26. Qe1 Nf6 27. b4 axb4 28. a5 Kb8 29. a6 b6 30. Ne2 Ng4 31. f4 Nxe5 32. fxe5 Ka7 33. Qg3 b5 34. Bxe6 fxe6 35. Qxg6 bxc3 36. Qxe6 Qb6 37. Kh1 c2 38. Qf5 Rxd4 39. Nxd4 Qxd4 40. Rf1 Qxh4+ 41. Kg1 Qd4+ 42. Kh1 Qd1 43. Qf7+ Kxa6 44. Kh2 c1=Q 0-1

[Event "European Women Rapid-ch 2023"]
[Site "Monaco"]
[Date "2024.01.14"]
[Round "7.8"]
[White "Unuk, Laura"]
[Black "Schippke, Manon"]
[Result "1/2-1/2"]
[ECO "D00"]
[WhiteElo "2346"]
[BlackElo "2162"]
[Annotator "RC"]
[PlyCount "83"]
[EventDate "2023.12.19"]
[EventType "swiss"]
[EventCountry "MNC"]
[SourceTitle "playchess.com"]
[Source "ChessBase"]
[SourceQuality "1"]
[TimeControl "900+10"]

1. d4 d5 2. Bf4 c5 3. e3 Nf6 4. Nc3 a6 5. dxc5 Nc6 6. Nf3 e6 7. Na4 Nd7 8. Qd2 Nxc5 9. Nxc5 Bxc5 10. O-O-O O-O 11. Kb1 b5 12. h4 Re8 13. h5 h6 14. Ne5 Nxe5 15. Bxe5 Bb7 16. Bxg7 Kxg7 17. Qc3+ e5 18. Qxc5 Rc8 19. Qb4 Qf6 20. Be2 d4 21. Bf3 Rc4 22. Qd2 Bxf3 23. gxf3 Rec8 24. Rhg1+ Kh7 25. Qd3+ Kh8 26. exd4 Rxd4 27. Qe3 Rf4 28. Rd3 Qf5 29. Qd2 Kh7 30. Rd6 Qxh5 31. Rd8 Rc6 32. a3 Qxf3 33. Rgg8 Qh1+ 34. Ka2 Qe4 35. Rh8+ Kg6 36. Rd6+ Kg5 37. Rhxh6 Qc4+ 38. Kb1 Qf1+ 39. Ka2 Qc4+ 40. Kb1 Qf1+ 41. Ka2 Qc4+ 42. Kb1 1/2-1/2

[Event "European Women Rapid-ch 2023"]
[Site "Monaco"]
[Date "2024.01.14"]
[Round "7.9"]
[White "Schulze, Lara"]
[Black "Salimova, Nurgyul"]
[Result "0-1"]
[ECO "B13"]
[WhiteElo "2285"]
[BlackElo "2426"]
[Annotator "RC"]
[PlyCount "98"]
[EventDate "2023.12.19"]
[EventType "swiss"]
[EventCountry "MNC"]
[SourceTitle "playchess.com"]
[Source "ChessBase"]
[SourceQuality "1"]
[TimeControl "900+10"]

1. e4 c6 2. d4 d5 3. exd5 cxd5 4. Nf3 Nc6 5. c3 Nf6 6. Ne5 a6 7. Bd3 g6 8. O-O Bg7 9. Re1 O-O 10. Nd2 Nxe5 11. dxe5 Nd7 12. Nf3 Nc5 13. Nd4 Qc7 14. Bf4 f6 15. exf6 Qxf4 16. fxg7 Rf7 17. b4 Qxf2+ 18. Kh1 Bg4 19. Qb1 Nxd3 20. Qxd3 Rc8 21. h3 Bf5 22. Nxf5 Qxf5 23. Qxf5 gxf5 24. Rad1 Rxc3 25. Rxd5 Kxg7 26. Re6 Rc7 27. Rde5 Kf8 28. Kh2 Ke8 29. Rd6 Rc2 30. Rb6 Rg7 31. Kg1 Rgxg2+ 32. Kf1 Rcf2+ 33. Ke1 Rxa2 34. Kf1 Raf2+ 35. Ke1 Rb2 36. Kf1 Rh2 37. Kg1 Rhe2 38. Rxf5 Re1+ 39. Rf1 Rxf1+ 40. Kxf1 a5 41. Rxb7 axb4 42. Rb8+ Kd7 43. Rh8 b3 44. Rb8 Rb1+ 45. Kg2 b2 46. Rb3 e5 47. Rb8 e4 48. Rb3 e3 49. Rxe3 Rd1 0-1

[Event "European Women Rapid-ch 2023"]
[Site "Monaco"]
[Date "2024.01.14"]
[Round "7.10"]
[White "Hunt, Harriet V"]
[Black "Lazarne Vajda, Szidonia"]
[Result "1-0"]
[ECO "C65"]
[WhiteElo "2306"]
[BlackElo "2283"]
[Annotator "RC"]
[PlyCount "119"]
[EventDate "2023.12.19"]
[EventType "swiss"]
[EventCountry "MNC"]
[SourceTitle "playchess.com"]
[Source "ChessBase"]
[SourceQuality "1"]
[TimeControl "900+10"]

1. e4 e5 2. Nf3 Nc6 3. Bb5 Nf6 4. d3 Bc5 5. c3 O-O 6. O-O d6 7. h3 h6 8. Re1 a6 9. Ba4 b5 10. Bc2 Bb7 11. Nbd2 Re8 12. a4 d5 13. Qe2 b4 14. a5 d4 15. Nb3 Ba7 16. cxd4 Nxd4 17. Nbxd4 Bxd4 18. Ba4 Re7 19. Nxd4 exd4 20. Bd2 c5 21. Bb3 Ne8 22. Qh5 Rc8 23. Qg4 Nf6 24. Qg3 Kh8 25. Bc4 Ne8 26. Bf4 Rc6 27. Qh4 Qd7 28. Bg5 Re5 29. f4 Rxg5 30. fxg5 Rg6 31. gxh6 Rxh6 32. Qf4 Nd6 33. Rac1 Rf6 34. Qg5 Rg6 35. Qh5+ Kg8 36. Bb3 Rg3 37. Rxc5 Rxd3 38. Bd5 Rd2 39. Bxb7 Qxb7 40. Rd5 Qe7 41. e5 Nc4 42. Re2 Rxb2 43. Rxb2 Nxb2 44. Qe2 Na4 45. Qxa6 b3 46. Qc8+ Kh7 47. Qf5+ g6 48. Qd3 b2 49. Rb5 Qc7 50. Kh2 Qc3 51. Qf1 d3 52. Qxf7+ Kh6 53. Qf4+ g5 54. Qxa4 b1=Q 55. Rxb1 Qxe5+ 56. Kh1 d2 57. Qc6+ Kh5 58. Qf3+ Kh6 59. Rd1 Qxa5 60. Qe2 1-0

[Event "European Women Rapid-ch 2023"]
[Site "Monaco"]
[Date "2024.01.14"]
[Round "7.11"]
[White "Agrest, Inna"]
[Black "Javakhishvili, Lela"]
[Result "1-0"]
[ECO "B06"]
[WhiteElo "2287"]
[BlackElo "2433"]
[Annotator "RC"]
[PlyCount "71"]
[EventDate "2023.12.19"]
[EventType "swiss"]
[EventCountry "MNC"]
[SourceTitle "playchess.com"]
[Source "ChessBase"]
[SourceQuality "1"]
[TimeControl "900+10"]

1. e4 g6 2. d4 Bg7 3. Nc3 d6 4. Be3 c6 5. Qd2 Nd7 6. O-O-O b5 7. h4 h5 8. f3 b4 9. Nce2 a5 10. Kb1 Nb6 11. Nc1 Nf6 12. Nh3 Bxh3 13. Rxh3 O-O 14. g4 hxg4 15. fxg4 Nxe4 16. Qg2 d5 17. Bd3 a4 18. Ne2 b3 19. cxb3 axb3 20. a3 Ra4 21. Bxe4 dxe4 22. Nc3 Rc4 23. h5 Nd5 24. Bc1 Nxc3+ 25. bxc3 Qd5 26. Re1 e5 27. h6 Bf6 28. g5 Bd8 29. h7+ Kh8 30. Qxe4 exd4 31. Qxd5 cxd5 32. cxd4 f6 33. Bf4 Rxd4 34. Bd6 Ba5 35. Bxf8 Bxe1 36. Bg7+ 1-0

[Event "European Women Rapid-ch 2023"]
[Site "Monaco"]
[Date "2024.01.14"]
[Round "7.12"]
[White "Calzetta Ruiz, Monica"]
[Black "Hoang, Thanh Trang"]
[Result "1/2-1/2"]
[ECO "C01"]
[WhiteElo "2241"]
[BlackElo "2382"]
[Annotator "RC"]
[PlyCount "83"]
[EventDate "2023.12.19"]
[EventType "swiss"]
[EventCountry "MNC"]
[SourceTitle "playchess.com"]
[Source "ChessBase"]
[SourceQuality "1"]
[TimeControl "900+10"]

1. e4 e6 2. d4 d5 3. Bd3 dxe4 4. Bxe4 Nf6 5. Bf3 c5 6. Ne2 Nc6 7. Be3 cxd4 8. Nxd4 Ne5 9. Nc3 a6 10. O-O Bb4 11. Qe2 Nxf3+ 12. Qxf3 O-O 13. Rad1 Qc7 14. Bg5 Qe5 15. Bxf6 Qxf6 16. Qxf6 gxf6 17. Na4 e5 18. Nb6 Rb8 19. Nb3 Bg4 20. f3 Be6 21. Nd7 Bxd7 22. Rxd7 Rfc8 23. c3 Bf8 24. Rfd1 Kg7 25. Kf1 h5 26. Ke2 Kg6 27. R1d5 h4 28. Nd2 Rc6 29. a4 Rb6 30. Nc4 Re6 31. a5 e4 32. f4 f5 33. Ne3 Rf6 34. Rd1 Bc5 35. Nd5 Re6 36. b4 Bf8 37. g3 hxg3 38. hxg3 Bg7 39. Ne7+ Kf6 40. Nd5+ Kg6 41. Ne7+ Kf6 42. Nd5+ 1/2-1/2

[Event "European Women Rapid-ch 2023"]
[Site "Monaco"]
[Date "2024.01.14"]
[Round "7.13"]
[White "Khurtsilava, Inga"]
[Black "Daulyte-Cornette, Deimante"]
[Result "0-1"]
[ECO "A47"]
[WhiteElo "2186"]
[BlackElo "2372"]
[Annotator "RC"]
[PlyCount "128"]
[EventDate "2023.12.19"]
[EventType "swiss"]
[EventCountry "MNC"]
[SourceTitle "playchess.com"]
[Source "ChessBase"]
[SourceQuality "1"]
[TimeControl "900+10"]

1. d4 Nf6 2. Nf3 b6 3. e3 Bb7 4. Bd3 g6 5. Nbd2 Bg7 6. b3 O-O 7. Bb2 c5 8. Qe2 d6 9. Rd1 Nbd7 10. O-O Qc7 11. c4 e5 12. d5 b5 13. e4 b4 14. Nh4 a5 15. g4 a4 16. Bb1 axb3 17. axb3 Bc8 18. f3 Qd8 19. Ng2 Re8 20. Rf2 Nf8 21. Nf1 h5 22. g5 N6h7 23. h4 f6 24. gxf6 Bxf6 25. Bc1 Bxh4 26. Nxh4 Qxh4 27. Rh2 Qf6 28. Qg2 Kh8 29. Kh1 Re7 30. Ng3 Rf7 31. Rf1 h4 32. Ne2 g5 33. f4 h3 34. Qg1 gxf4 35. Nxf4 Rg7 36. Qf2 Ra1 37. Bb2 Raa7 38. Nxh3 Qxf2 39. Rfxf2 Rg3 40. Ng5 Kg8 41. Nxh7 Nxh7 42. Rhg2 Rxg2 43. Rxg2+ Kf7 44. Rf2+ Kg6 45. Rg2+ Kh5 46. Rh2+ Kg4 47. Bc2 Kf3 48. Bd1+ Ke3 49. Bc1+ Kxe4 50. Bc2+ Kf3 51. Bd1+ Kg3 52. Rg2+ Kh4 53. Rh2+ Bh3 54. Bd2 Ra1 55. Be1+ Kg5 56. Rxh3 Rxd1 57. Rxh7 Rxe1+ 58. Kg2 Re3 59. Rd7 Rxb3 60. Rxd6 Rc3 61. Rd8 Rxc4 62. d6 Kf6 63. Kf3 Ke6 64. Ke3 Rd4 0-1

[Event "European Women Rapid-ch 2023"]
[Site "Monaco"]
[Date "2024.01.14"]
[Round "7.14"]
[White "Sliwicka, Alicja"]
[Black "Guichard, Pauline"]
[Result "1-0"]
[ECO "C60"]
[WhiteElo "2311"]
[BlackElo "2385"]
[Annotator "RC"]
[PlyCount "57"]
[EventDate "2023.12.19"]
[EventType "swiss"]
[EventCountry "MNC"]
[SourceTitle "playchess.com"]
[Source "ChessBase"]
[SourceQuality "1"]
[TimeControl "900+10"]

1. e4 e5 2. Nf3 Nc6 3. Bb5 Nge7 4. Nc3 g6 5. d4 exd4 6. Nd5 Nxd5 7. exd5 Qe7+ 8. Kf1 Ne5 9. Qxd4 Bg7 10. Bf4 f6 11. Re1 O-O 12. Nxe5 fxe5 13. Bxe5 Re8 14. f4 d6 15. Bxe8 dxe5 16. Bb5 Bf5 17. fxe5 Rf8 18. Kg1 Kh8 19. c3 Qg5 20. h3 Bc2 21. Qe3 Qh4 22. e6 Qe7 23. Kh2 Rf5 24. Rhf1 Rxd5 25. Rf7 Qd6+ 26. Qg3 Be5 27. Rxe5 Rxe5 28. e7 a6 29. e8=Q+ 1-0

[Event "European Women Rapid-ch 2023"]
[Site "Monaco"]
[Date "2024.01.14"]
[Round "7.15"]
[White "Savina, Anastasia"]
[Black "Krasteva, Beloslava"]
[Result "1-0"]
[ECO "E49"]
[WhiteElo "2340"]
[BlackElo "2251"]
[Annotator "RC"]
[PlyCount "105"]
[EventDate "2023.12.19"]
[EventType "swiss"]
[EventCountry "MNC"]
[SourceTitle "playchess.com"]
[Source "ChessBase"]
[SourceQuality "1"]
[TimeControl "900+10"]

1. d4 Nf6 2. c4 e6 3. Nc3 Bb4 4. e3 O-O 5. Bd3 d5 6. a3 Bxc3+ 7. bxc3 dxc4 8. Bxc4 c5 9. Ne2 Qc7 10. Bd3 Rd8 11. f4 b6 12. O-O Bb7 13. Ng3 Nc6 14. Qe2 Rac8 15. Bb2 Na5 16. Rad1 cxd4 17. cxd4 Nc4 18. Rc1 b5 19. f5 Qd6 20. fxe6 fxe6 21. Nh5 Nxb2 22. Nxf6+ gxf6 23. Rxc8 Rxc8 24. Qxb2 Qd5 25. e4 Qg5 26. Rf3 Qc1+ 27. Qxc1 Rxc1+ 28. Kf2 Kf7 29. Rh3 Kg7 30. d5 exd5 31. exd5 Bxd5 32. Rxh7+ Kf8 33. Rxa7 Rc3 34. Bf1 Rc2+ 35. Kg3 Ra2 36. Ra5 Be4 37. h4 Kg7 38. Bxb5 Rxg2+ 39. Kf4 f5 40. Ra7+ Kf6 41. Ra6+ Kg7 42. h5 Rh2 43. Be8 Rf2+ 44. Ke5 Bd3 45. Rd6 Re2+ 46. Kf4 Bc4 47. h6+ Kh8 48. Bg6 Rf2+ 49. Kg5 Rg2+ 50. Kf6 f4 51. Rd8+ Bg8 52. h7 Rxg6+ 53. Kxg6 1-0

[Event "European Women Rapid-ch 2023"]
[Site "Monaco"]
[Date "2024.01.14"]
[Round "7.16"]
[White "Piddubna, Bozhena"]
[Black "Hrebenshchykova, Yelyzaveta"]
[Result "1-0"]
[ECO "D77"]
[WhiteElo "2035"]
[BlackElo "2275"]
[Annotator "RC"]
[PlyCount "95"]
[EventDate "2023.12.19"]
[EventType "swiss"]
[EventCountry "MNC"]
[SourceTitle "playchess.com"]
[Source "ChessBase"]
[SourceQuality "1"]
[TimeControl "900+10"]

1. d4 Nf6 2. Nf3 g6 3. c4 Bg7 4. g3 O-O 5. Bg2 d5 6. O-O dxc4 7. Na3 c5 8. Nxc4 Be6 9. b3 cxd4 10. Nxd4 Bd5 11. Bb2 Bxg2 12. Kxg2 Qd5+ 13. Nf3 Nc6 14. Qc2 Rac8 15. Rfd1 Qh5 16. a4 e5 17. Rd6 e4 18. Bxf6 exf3+ 19. exf3 Bxf6 20. Rxf6 Ne5 21. Qe4 Nxc4 22. bxc4 b6 23. Rd1 Qc5 24. Rd7 Rc7 25. Rxc7 Qxc7 26. h4 Rc8 27. Rf4 Rd8 28. h5 Qd7 29. h6 f5 30. Qe5 Re8 31. Qc3 Qf7 32. c5 bxc5 33. Qxc5 Qf8 34. Qxa7 Qxh6 35. Rc4 Qg7 36. Rc7 Qf6 37. Rxh7 f4 38. g4 Rd8 39. Rd7 Re8 40. Qa5 Qe6 41. Rb7 Qc6 42. Rb6 Qc2 43. Qd5+ Kh8 44. Qd4+ Kg8 45. Qd5+ Kh8 46. Rc6 Qb1 47. Qd4+ Kg8 48. Rc7 1-0

[Event "European Women Rapid-ch 2023"]
[Site "Monaco"]
[Date "2024.01.14"]
[Round "7.17"]
[White "Bensdorp-De Labaca, Marlies"]
[Black "De Seroux, Camille"]
[Result "1-0"]
[ECO "E11"]
[WhiteElo "2237"]
[BlackElo "2075"]
[Annotator "RC"]
[PlyCount "117"]
[EventDate "2023.12.19"]
[EventType "swiss"]
[EventCountry "MNC"]
[SourceTitle "playchess.com"]
[Source "ChessBase"]
[SourceQuality "1"]
[TimeControl "900+10"]

1. d4 Nf6 2. c4 Nc6 3. Nf3 e6 4. g3 Bb4+ 5. Nbd2 O-O 6. Bg2 d6 7. O-O e5 8. Nb3 exd4 9. Nfxd4 Ne5 10. Qc2 c6 11. Rd1 Qe7 12. h3 Be6 13. Nxe6 Qxe6 14. a3 Bc5 15. Nxc5 dxc5 16. b3 Rfe8 17. Be3 Qe7 18. Rd2 Ned7 19. Rad1 Nf8 20. Qf5 Ne6 21. Bf3 Nd4 22. Bxd4 cxd4 23. Rxd4 Qxa3 24. R1d3 Qe7 25. Qa5 g6 26. Kg2 Qe5 27. Qd2 a5 28. Re3 Qc7 29. Rxe8+ Rxe8 30. e3 Kg7 31. Rd6 Qe7 32. Rd4 Qe5 33. Qd3 Ra8 34. Bd1 Re8 35. Bc2 Re7 36. Qd2 Qc5 37. Rd8 Qe5 38. Rd4 Qc5 39. e4 Re8 40. f4 Ra8 41. e5 Ne8 42. Rd7 b5 43. e6 Ra7 44. exf7 Nf6 45. f8=Q+ Kxf8 46. Rd8+ Ne8 47. cxb5 cxb5 48. Be4 Re7 49. Bf3 a4 50. bxa4 bxa4 51. Ra8 a3 52. h4 Re3 53. Qd7 Qc2+ 54. Kh3 Qf2 55. Qd6+ Re7 56. Qf6+ Rf7 57. Qh8+ Ke7 58. Qxe8+ Kf6 59. Qe5# 1-0

[Event "European Women Rapid-ch 2023"]
[Site "Monaco"]
[Date "2024.01.14"]
[Round "7.18"]
[White "Radeva, Viktoria"]
[Black "Cramling, Pia"]
[Result "0-1"]
[ECO "B42"]
[WhiteElo "2325"]
[BlackElo "2437"]
[Annotator "RC"]
[PlyCount "70"]
[EventDate "2023.12.19"]
[EventType "swiss"]
[EventCountry "MNC"]
[SourceTitle "playchess.com"]
[Source "ChessBase"]
[SourceQuality "1"]
[TimeControl "900+10"]

1. e4 c5 2. Nf3 e6 3. d4 cxd4 4. Nxd4 a6 5. Bd3 g6 6. c4 Bg7 7. Nb3 Nc6 8. O-O Nge7 9. Nc3 O-O 10. Bg5 h6 11. Bh4 d6 12. Rc1 g5 13. Bg3 Ng6 14. Bb1 Nce5 15. c5 dxc5 16. Nxc5 Qe7 17. Nd3 Rd8 18. Qe2 Bd7 19. Nxe5 Nxe5 20. f4 gxf4 21. Bxf4 Be8 22. Kh1 Ng6 23. e5 Nxf4 24. Rxf4 Qg5 25. Rcf1 Qxe5 26. Qc2 f5 27. Qb3 Kh8 28. Qxb7 Bb5 29. h3 Rab8 30. Qf7 Bxf1 31. Rxf1 Rb4 32. b3 Rxb3 33. Ne4 Rxb1 34. Rxb1 Qxe4 35. Rb7 Rd1+ 0-1

[Event "European Women Rapid-ch 2023"]
[Site "Monaco"]
[Date "2024.01.14"]
[Round "7.19"]
[White "Polterauer, Chiara"]
[Black "Vega Gutierrez, Sabrina"]
[Result "0-1"]
[ECO "B33"]
[WhiteElo "2189"]
[BlackElo "2378"]
[Annotator "RC"]
[PlyCount "92"]
[EventDate "2023.12.19"]
[EventType "swiss"]
[EventCountry "MNC"]
[SourceTitle "playchess.com"]
[Source "ChessBase"]
[SourceQuality "1"]
[TimeControl "900+10"]

1. e4 c5 2. Nf3 Nc6 3. d4 cxd4 4. Nxd4 Nf6 5. Nc3 e5 6. Ndb5 d6 7. Bg5 a6 8. Na3 b5 9. Nd5 Be7 10. Bxf6 Bxf6 11. c4 b4 12. Nc2 O-O 13. Be2 a5 14. O-O Bg5 15. Qd3 Be6 16. Rfd1 Qb8 17. Qg3 Bd8 18. Nce3 Nd4 19. Bg4 b3 20. a3 Kh8 21. Nf5 Nc2 22. Rac1 g6 23. Nfe3 Nd4 24. f4 f5 25. exf5 gxf5 26. Bh5 Bf7 27. Bf3 Qa7 28. Kf1 e4 29. Be2 Nxe2 30. Kxe2 Bh5+ 31. Kf1 Bxd1 32. Rxd1 Bf6 33. Nxf6 Rxf6 34. Nd5 Rg6 35. Qxb3 Rb8 36. Qc3+ Qg7 37. Qxg7+ Rxg7 38. Rd2 Rgb7 39. b4 axb4 40. axb4 Rc8 41. Rc2 Kg7 42. Ke2 Kf7 43. Ke3 Ke6 44. Kd4 Ra8 45. b5 Ra3 46. Ne3 Rd3# 0-1

[Event "European Women Rapid-ch 2023"]
[Site "Monaco"]
[Date "2024.01.14"]
[Round "7.20"]
[White "Ciarletta, Iris"]
[Black "Zhukova, Natalia"]
[Result "0-1"]
[ECO "D24"]
[WhiteElo "1911"]
[BlackElo "2301"]
[Annotator "RC"]
[PlyCount "66"]
[EventDate "2023.12.19"]
[EventType "swiss"]
[EventCountry "MNC"]
[SourceTitle "playchess.com"]
[Source "ChessBase"]
[SourceQuality "1"]
[TimeControl "900+10"]

1. d4 Nf6 2. c4 e6 3. Nf3 d5 4. Nc3 dxc4 5. e4 b5 6. Nxb5 Nxe4 7. Qa4 c6 8. Nc3 Nd6 9. Bf4 Be7 10. Bxd6 Qxd6 11. Bxc4 Nd7 12. Qc2 c5 13. dxc5 Qxc5 14. Bd3 Qh5 15. O-O O-O 16. Ne4 Nf6 17. Ng3 Qh6 18. Rac1 Bd6 19. Ne4 Nxe4 20. Bxe4 Rb8 21. Rcd1 Rb6 22. a3 f5 23. Bd3 Bb7 24. Rfe1 Bxf3 25. gxf3 Qh3 26. f4 Bxf4 27. f3 e5 28. Bf1 Rg6+ 29. Kh1 Qxf3+ 30. Bg2 Qh5 31. Bd5+ Kh8 32. Rg1 e4 33. Rg2 Rxg2 0-1

[Event "European Women Rapid-ch 2023"]
[Site "Monaco"]
[Date "2024.01.14"]
[Round "7.21"]
[White "Kulon, Klaudia"]
[Black "Exler, Veronika"]
[Result "1-0"]
[ECO "E01"]
[WhiteElo "2323"]
[BlackElo "2157"]
[Annotator "RC"]
[PlyCount "83"]
[EventDate "2023.12.19"]
[EventType "swiss"]
[EventCountry "MNC"]
[SourceTitle "playchess.com"]
[Source "ChessBase"]
[SourceQuality "1"]
[TimeControl "900+10"]

1. c4 e6 2. g3 d5 3. Bg2 Nf6 4. Nf3 c5 5. cxd5 Nxd5 6. O-O Nc6 7. d4 cxd4 8. Nxd4 Bd7 9. Nb3 Nf6 10. Nc3 Be7 11. Bg5 O-O 12. Qd2 Be8 13. Qxd8 Rxd8 14. Rfd1 Bd7 15. Be3 Ra8 16. Ne4 Rfd8 17. Bc5 Nxe4 18. Bxe4 Kf8 19. Rac1 Be8 20. Kg2 Rxd1 21. Rxd1 Bxc5 22. Nxc5 b6 23. Nd7+ Bxd7 24. Rxd7 Rc8 25. Rb7 f5 26. Bd3 Ne5 27. Rxa7 Nxd3 28. exd3 Rc2 29. b3 Rd2 30. Ra6 b5 31. Rxe6 Rxa2 32. Re5 Rd2 33. Rxf5+ Ke7 34. Rxb5 Rxd3 35. Rb7+ Kf6 36. h4 h5 37. b4 Rb3 38. b5 g6 39. b6 Kf5 40. Rb8 Kg4 41. Rf8 g5 42. Rg8 1-0

[Event "European Women Rapid-ch 2023"]
[Site "Monaco"]
[Date "2024.01.14"]
[Round "7.22"]
[White "Navrotescu, Andreea"]
[Black "Rudzinska, Michalina"]
[Result "1-0"]
[ECO "E21"]
[WhiteElo "2222"]
[BlackElo "2241"]
[Annotator "RC"]
[PlyCount "129"]
[EventDate "2023.12.19"]
[EventType "swiss"]
[EventCountry "MNC"]
[SourceTitle "playchess.com"]
[Source "ChessBase"]
[SourceQuality "1"]
[TimeControl "900+10"]

1. d4 Nf6 2. c4 e6 3. Nc3 Bb4 4. e3 O-O 5. Bd2 b6 6. Nf3 Bb7 7. Bd3 d6 8. O-O Bxc3 9. Bxc3 Ne4 10. Bxe4 Bxe4 11. d5 e5 12. Ne1 Nd7 13. f3 Bg6 14. f4 f5 15. Nf3 Bh5 16. fxe5 dxe5 17. Qc2 Bxf3 18. Rxf3 g6 19. Raf1 Qe7 20. Rg3 Kh8 21. b4 Rae8 22. e4 f4 23. Rd3 Rf6 24. Qa4 a5 25. a3 axb4 26. axb4 g5 27. Qa7 Qd6 28. Rc1 g4 29. Be1 c5 30. b5 Rh6 31. Qb7 Nf6 32. Qc6 Rd8 33. Ra1 Nxe4 34. Ra8 Rxa8 35. Qxa8+ Kg7 36. Ra3 Rf6 37. Qc8 Rg6 38. Ra7+ Kh6 39. Qh8 Nf6 40. Bh4 f3 41. Bf2 Kg5 42. Be3+ Kf5 43. Qc8+ Ke4 44. Bf2 fxg2 45. Ra3 Nd7 46. Re3+ Kf4 47. Re2 Qe7 48. Kxg2 Kg5 49. Be3+ Kf5 50. Ra2 Rg7 51. Ra7 Ke4 52. Bf2 Qf7 53. Kg1 Qf5 54. Ra3 Qf4 55. Re3+ Kf5 56. Qc6 Qxc4 57. Qe6+ Kg5 58. h4+ Kh5 59. Qf5+ Kh6 60. Re4 Qc1+ 61. Re1 Qxe1+ 62. Bxe1 Rg6 63. Bd2+ Kg7 64. Qxd7+ Kg8 65. Qe8+ 1-0

[Event "European Women Rapid-ch 2023"]
[Site "Monaco"]
[Date "2024.01.14"]
[Round "7.23"]
[White "Dornbusch, Tatiana"]
[Black "Guillo Longares, Cecilia"]
[Result "0-1"]
[ECO "A70"]
[WhiteElo "2218"]
[BlackElo "2096"]
[Annotator "TA"]
[PlyCount "77"]
[EventDate "2023.12.19"]
[EventType "swiss"]
[EventCountry "MNC"]
[SourceTitle "playchess.com"]
[Source "ChessBase"]
[SourceQuality "1"]
[TimeControl "900+10"]

1. d4 Nf6 2. Nf3 c5 3. d5 e6 4. c4 exd5 5. cxd5 d6 6. Nc3 g6 7. e4 Bg7 8. Bb5+ Bd7 9. a4 O-O 10. Nd2 a6 (10... Bxb5 $11 11. axb5 Re8) 11. Be2 $16 Qe7 {[%emt 0:00:16] Weiß steht etwas besser.} 12. O-O Be8 (12... Bc8 $142) 13. Qc2 ({Günstiger ist} 13. Qb3) 13... Nbd7 14. Nc4 Ne5 15. Nb6 Rb8 16. a5 Nfd7 17. Nba4 {[%emt 0:03:10] Und jetzt f4 wäre schön.} Nf6 (17... f5 $15) 18. f4 Bxa4 19. Rxa4 Ned7 20. Re1 Ne8 21. Be3 Nc7 22. Bd3 $36 {[%emt 0:00:54][%mdl 2048] Schwarz steht unter Druck.} Nf6 23. h3 Nh5 24. b4 (24. Qf2 $14) 24... Qh4 {[%emt 0:00:35] [#]} (24... c4 $1 $11 25. Bxc4 Rbc8) 25. Rf1 (25. Bf2 $1 $16 Bd4 26. bxc5 Bxc5 27. Rf1 Nxf4 28. Bxc5 dxc5 29. e5 Nxh3+ (29... Ncxd5 $2 30. Nxd5 Nxh3+ 31. gxh3 $18) 30. gxh3 Qg3+ 31. Qg2 Qxe5 (31... Qxd3 $2 32. Rf3 $18) 32. d6) 25... Qg3 (25... Bd4 $11 {hält das Gleichgewicht.} 26. Bxd4 cxd4) 26. Nd1 Nb5 (26... c4 $1 $14 27. Bxc4 Nb5) 27. bxc5 {[%emt 0:00:30][%cal Oe4e5] Droht stark e5!} dxc5 (27... Nc3 $16 {ist wohl besser.} 28. Bf2 (28. Nxc3 Qxe3+ 29. Kh2 Qg3+ 30. Kh1 Nxf4 $17) 28... Qxf4) 28. Qxc5 $2 (28. e5 $1 $18 {[%cal Oe3f2] Bf2! ist eine echte Drohung.} Qh4 29. d6 (29. Qxc5 Bxe5 30. Bxb5 axb5 $18) (29. Bxc5 Rbc8 $18)) 28... Rfc8 29. Qb6 {[%emt 0:00:06][%cal Oe4e5] Droht e5! und aus.} Nc3 (29... g5 $16) 30. Nxc3 $18 Rxc3 {[%emt 0:00:02] [#]} 31. Rf3 (31. e5 $1 $16 {Und Rf3 würde nun gewinnen.} g5 (31... Rxd3 $2 {verliert.} 32. Bf2 $18) 32. Qd4 Nxf4 33. Bxf4 (33. Qxc3 $2 Qxg2#) 33... Qxd3 34. Bxg5 Qxd4+ 35. Rxd4 Bxe5 36. Re4) 31... Qe1+ $11 32. Bf1 {[%emt 0:00:07] Schwarz muss nun e5 beachten.} Ng3 33. Rxg3 Qxg3 34. Bf2 {[%emt 0:00:15][%mdl 8192] Danach ist Weiß chancenlos.} (34. Bd2 $1 $15) 34... Qxf4 $19 {[%emt 0:00:19] ( -> ...Be5)} 35. g3 $2 (35. Be1 Rc2 36. Qb3) 35... Rxg3+ 36. Bxg3 Qxg3+ 37. Bg2 Rc8 38. Qb1 Qe3+ 39. Kf1 {[%emt 0:00:23] Gewichteter Fehlerwert: Weiß=0.79/Schwarz=0.41.  Verlustzug:     	Weiß=1     	---        Gewinn verpasst:   	Weiß=1     	---        Fehler:       	Weiß=5     	Schwarz=8     Ungenau:       	Weiß=7     	Schwarz=1     OK:         	Weiß=3     	Schwarz=4     Bester:       	Weiß=3     	Schwarz=7} 0-1